 Dungeon Crawl Stone Soup version 0.31-a0-981-geadf994542 (webtiles) character file.

Game seed: 12969991517785108388

1 strifetoe the Ruffian (level 1, 0/17 HPs)
             Began as a Djinni Shapeshifter on Nov 2, 2023.
             Slain by a goblin
             ... wielding a +0 dagger
              (1 damage)
             ... on level 1 of the Dungeon.
             The game lasted 00:00:07 (16 turns).

strifetoe the Ruffian (Djinni Shapeshifter)           Turns: 16, Time: 00:00:07

Health: 0/17       AC:  2    Str: 13    XL:     1   Next: 22%
Gold:   0          EV: 12    Int: 11    God:
                   SH:  0    Dex: 12

rFire   + +          .
                       - Unarmed
rCold   x . .        (no shield)
rNeg    . . .        a - +0 animal skin
rPois   ∞            (helmet currently unavailable)
rElec   .            (cloak currently unavailable)
rCorr   .            (gloves currently unavailable)
SInv    .            (boots unavailable)
Will    .....        (no amulet)
Stlth   +            (no ring)
HPRegen 0.22/turn    (no ring)
MPRegen 0.00/turn

%: infuse magic (-1 HP)
@: beast-form, flying
A: beast (slay +1), flying, sickness immunity, fire resistance 2, cold
vulnerability 1, float, innate caster, HP casting, extra vitality 1
a: Begin Untransformation


You were on level 1 of the Dungeon.
You were a hulking beast.
You visited 1 branch of the dungeon, and saw 1 of its levels.

Inventory:

Armour
 a - a +0 animal skin (worn)
Talismans
 c - a beast talisman
 d - a flux talisman
Potions
 b - a potion of lignification


   Skills:
 - Level 1.0 Fighting
 - Level 2.1 Dodging
 + Level 3.1 Unarmed Combat
 - Level 2.6 Shapeshifting You didn't know any spells. Your spell library was empty.

Dungeon Overview and Level Annotations

Branches:
Dungeon (1/15)

Altars:


Innate Abilities, Weirdness & Mutations

You are a hulking beast.
Your limbs bulge with bestial killing power. (Slay +1)
You are flying.
You are immune to sickness and miasma.
You are immune to poison.
Your flesh is very heat resistant. (rF++)
You are vulnerable to cold. (rC-)
You float through the air rather than walking.
You learn spells naturally, not from books.
Your magical power is your life essence.
You have superior vitality. (+4 MHP)


Message History

Found 12 gold pieces.
A kobold is nearby!
A kobold is nearby!
A hobgoblin comes into view.
The kobold shouts!
The hobgoblin shouts!
You hear a shout! x2
A goblin comes into view. It is wielding a +0 dagger.
A hobgoblin comes into view.
Found a sapphire ring and 7 gold pieces.
The goblin shouts!
The kobold hits you with a +0 short sword.
You hit the kobold but do no damage. Your punch misses the kobold.
You hit the kobold but do no damage.
The kobold hits you with a +0 short sword.
A kobold comes into view. It is wielding a +0 short sword.
You hit the kobold.
The kobold is heavily wounded.
A bat comes into view.
The kobold closely misses you.
The bat moves out of view.
You hit the kobold.
You kill the kobold!
The hobgoblin misses you. The hobgoblin hits you.
You are too injured to fight recklessly!
You are too injured to fight recklessly!
You are too injured to fight recklessly!
You are too injured to fight recklessly!
You are too injured to fight recklessly!
You are too injured to fight recklessly!
You are too injured to fight recklessly!
You are too injured to fight recklessly!
You are too injured to fight recklessly!
Unknown command.
The hobgoblin hits you.
* * * LOW HITPOINT WARNING * * *
The hobgoblin attacks as it pursues you!
The hobgoblin hits you but does no damage.
The hobgoblin attacks as it pursues you!
The hobgoblin hits you.
* * * LOW HITPOINT WARNING * * *
The goblin attacks as it pursues you! The goblin hits you with a +0 dagger.
You die...

#### ###### ... .....#
... ....######## ♣.♣
#........... ♣⌠♣
#...........
..♣♣♣♣♣.♣♣♣♣♣.g.........
.....⌠.<.⌠..hgg.........
..♣♣♣♣♣.♣♣♣♣♣...........
♣⌠♣ #.....)..... ♣.♣
#....)[.....
$..=..............
..>........K....$.
...................
.............$.....
..............##.


You could see 2 hobgoblins, a goblin and a kobold.

Vanquished Creatures
  A kobold (D:1)
1 creature vanquished.

Notes
Turn   | Place    | Note
-------+----------+-------------------------------------------
     0 | D:1      | strifetoe the Djinni Shapeshifter began the quest for the
                  | Orb.
     0 | D:1      | Reached XP level 1. HP: 17/17 MP: 0/0
    16 | D:1      | Slain by a goblin

Illustrated notes

Levels and vault maps discovered:
D:1:      scummos_arrival_forest, layout_rooms

Action                     || total
---------------------------++-------
  Melee: Unarmed           ||     4
 Armour: Animal skin       ||     7
  Dodge: Dodged            ||     2

Table legend: (Time is in decaauts)
 A = Elapsed time spent in this place.
 B = Non-inter-level travel time spent in this place.
 C = Inter-level travel time spent in this place.
 D = Time resting spent in this place.
 E = Time spent auto-exploring this place.
 F = Levels seen in this place.
 G = Mean time per level.
                   A        B        C        D        E       F      G
               +--------+--------+--------+--------+--------+-----+--------+
         Total |     15 |     11 |      4 |      0 |      0 |   1 |   15.0 |
       Dungeon |     15 |     11 |      4 |      0 |      0 |   1 |   15.0 |
               +--------+--------+--------+--------+--------+-----+--------+

Top non-repeatable levels by time:
     D:1: 15 daAuts
